 Dungeon Crawl Stone Soup version 0.28-a0-21-gf74fda84f9 (webtiles) character file.

Game seed: 2327047356390123599

294 MovingMist the Ducker (level 6, -9/48 HPs)
             Began as a Demonspawn Gladiator on July 26, 2021.
             Killed from afar by a steam dragon (19 damage)
             ... with a ball of steam
             ... on level 3 of the Dungeon.
             The game lasted 00:04:16 (3073 turns).

MovingMist the Ducker (Demonspawn Gladiator)        Turns: 3073, Time: 00:04:16

Health: -9/48      AC: 10    Str: 20    XL:     6   Next: 11%
Magic:  6/6        EV: 13    Int:  9    God:
Gold:   123        SH:  0    Dex: 17    Spells: 5/5 levels left

rFire   . . .      SeeInvis +   a - +0 long sword
rCold   . . .      Faith    .   (no shield)
rNeg    . . .      Spirit   .   v - +0 ring mail
rPois   .          Reflect  .   c - +0 helmet
rElec   .          Harm     .   e - +0 cloak
rCorr   .          Rampage  .   m - +1 pair of gloves
Will    .....                   (no boots)
Stlth   +.........              (no amulet)
HPRegen 0.16/turn               i - ring of see invisible
MPRegen 0.10/turn               j - +6 ring of strength

@: no status effects
A: talons 1, rugged brown scales 1
a: no special abilities


You were on level 3 of the Dungeon.
You visited 1 branch of the dungeon, and saw 3 of its levels.

You collected 123 gold pieces.

Inventory:

Hand Weapons
 a - a +0 long sword (weapon)
Missiles
 r - a throwing net (quivered)
Armour
 c - a +0 helmet (worn)
 e - a +0 cloak (worn)
 l - a +0 plate armour
 m - a +1 pair of gloves (worn)
 v - a +0 ring mail (worn)
Jewellery
 i - a ring of see invisible (left hand)
 j - a +6 ring of strength (right hand)
 p - an amulet of guardian spirit
 u - a +6 ring of intelligence
Wands
 d - a wand of polymorph (6)
Scrolls
 g - 3 scrolls of identify {unknown}
 k - a scroll of holy word {unknown}
 n - a scroll of immolation {unknown}
 o - a scroll of teleportation {unknown}
 s - a scroll of blinking {unknown}
 t - a scroll of noise {unknown}
Potions
 f - 4 potions of mutation {unknown}
 h - a potion of degeneration {unknown}
 q - a potion of magic {unknown}


   Skills:
 + Level 3.6 Fighting
 + Level 3.9 Long Blades
 - Level 1.7 Throwing
 * Level 4.8 Dodging


You had 5 spell levels left.
You didn't know any spells.
Your spell library contained the following spells:

 Spells                   Type           Power      Damage    Failure   Level
 Sandblast                Erth           0%         2d4       56%         1
 Passwall                 Tmut/Erth      0%         N/A       71%         2
 Lee's Rapid Deconstruct  Erth           0%         3d5*      100%        5


Dungeon Overview and Level Annotations

Branches:
Dungeon (3/15)

Altars:
Makhleb
The Shining One

Annotations:
D:3 3 runed translucent doors, eyesofgods1's ghost, weakling SpMo


Innate Abilities, Weirdness & Mutations

You have sharp toenails.
You are partially covered in rugged brown scales. (AC +1, +3% HP)


Message History

A rat comes into view.
Found a book of Spatial Translocations.
A rat is nearby!
A rat and a steam dragon come into view.
Found a stone staircase leading down.
The steam dragon breathes steam at you.
The ball of steam hits the rat!
The rat dies!
The ball of steam hits you!
Found 12 gold pieces.
You hit the rat.
You kill the rat!
You are engulfed in a cloud of scalding steam.
You hit the steam dragon.
The steam dragon is lightly wounded.
You are engulfed in a cloud of scalding steam.
The steam dragon breathes steam at you. The ball of steam hits you!
* * * LOW HITPOINT WARNING * * *
You are too injured to fight recklessly!
Throw: 2 throwing nets
Press: ? - help, Q - select action, (/) - cycle Shift-Dir - straight line, f - steam dragon
Aim: a steam dragon (steam, lightly wounded, catching its breath, 60% to hit)
You throw a throwing net. The throwing net hits the steam dragon.
The steam dragon is caught in the net!
The steam dragon is lightly wounded.
The steam dragon struggles against the net.
You hit the steam dragon.
The steam dragon is moderately wounded.
The steam dragon struggles against the net.
You slash the steam dragon!
You claw the steam dragon, but do no damage.
The steam dragon is severely wounded.
The steam dragon struggles against the net.
You hit the steam dragon.
You claw the steam dragon, but do no damage.
The steam dragon is severely wounded.
The steam dragon breathes steam at you. The ball of steam hits you!!
You die...

.#### #)# ....# #)#
.##.####.##############.
..............#^.......#
..#..##.#####.#......>#
#....##.#...#.#.......##
#.##.##.#...............
####.##.#...#.#.†D..:..$
####.##.##.##.#.@†.....#
'....##.......#........#
'.########.###§..#####..
#.##.........§...# .##
#.......#.#......#####...
#...<.....#)###..#.....#
#..........))....#.....#
..#8.....8#)##.........#
..#.......#.###..#.....#


You could see a steam dragon (caught, catching breath).

Vanquished Creatures
  Sigmund (D:2)
  An orc wizard (D:3)
  3 adders (D:3)
  4 dart slugs
  4 orcs (D:3)
  7 ball pythons
  4 bats
  3 endoplasms
  A giant cockroach (D:2)
  7 hobgoblins
  7 jackals
  4 kobolds
  3 frilled lizards
  9 goblins
  4 rats
62 creatures vanquished.

Vanquished Creatures (others)
  A rat (D:3)
1 creature vanquished.

Grand Total: 63 creatures vanquished

Notes
Turn   | Place    | Note
-------+----------+-------------------------------------------
     0 | D:1      | MovingMist the Demonspawn Gladiator began the quest for the
                  | Orb.
     0 | D:1      | Reached XP level 1. HP: 16/16 MP: 1/1
   367 | D:1      | Reached skill level 3 in Dodging
   368 | D:1      | Gained mutation: You are partially covered in rugged brown
                  | scales. (AC +1, +3% HP) [demonic ancestry]
   368 | D:1      | Reached XP level 2. HP: 10/22 MP: 2/2
   962 | D:1      | Found a faded altar of an unknown god.
  1276 | D:1      | Gained mutation: You have sharp toenails. [demonic
                  | ancestry]
  1276 | D:1      | Reached XP level 3. HP: 27/28 MP: 3/3
  1788 | D:2      | Noticed Sigmund
  1839 | D:2      | Killed Sigmund
  1840 | D:2      | Reached skill level 4 in Dodging
  1840 | D:2      | Reached XP level 4. HP: 36/36 MP: 4/4
  1840 | D:2      | Reached XP level 5. HP: 42/42 MP: 5/5
  2654 | D:3      | Found a runed translucent gate.
  2655 | D:3      | Found a runed translucent gate.
  2655 | D:3      | Noticed eyesofgods1's ghost (weakling SpMo)
  2656 | D:3      | Found a runed translucent gate.
  2862 | D:3      | Found a burning altar of Makhleb.
  2862 | D:3      | Noticed a green death
  2890 | D:3      | Reached XP level 6. HP: 44/48 MP: 6/6
  3064 | D:3      | Noticed a steam dragon
  3073 | D:3      | Killed from afar by a steam dragon

Illustrated notes

Levels and vault maps discovered:
D:1:      nicolae_arrival_somewhat_less_tricky_arrival, layout_basic,
          serial_glass, glass_columns_b, glass_columns_a, due_unseen_surprise,
          item_on_display_a, minmay_strange_pillars,
          shapermc_ecumenical_altar_mp_ritualfount, minmay_liquid_box
D:2:      layout_basic, basic_altar, corexii_item_surrounded_by_moat,
          minmay_quantized, uniq_sigmund
D:3:      kennysheep_the_goblin_king, layout_loops_cross,
          makhleb_altar_promises_db, gammafunk_ghost_split,
          kennysheep_generic_room_7

Skill      XL: |  1  2  3 |
---------------+----------+-----
Dodging        | 3 4 |  4.8
Long Blades    | 3 |  3.9
Fighting       | 3 |  3.6
Throwing       | |  1.7

Action                   |  1- 3 |  4- 6 || total
-------------------------+-------+-------++-------
Melee: Long sword        |    92 |    59 ||   151
       Kick              |     9 |    26 ||    35
       Unarmed           |     1 |       ||     1
Throw: Throwing net      |     3 |     1 ||     4
 Stab: Sleeping          |     1 |     4 ||     5
Armor: Leather armour    |    43 |    14 ||    57
       Ring mail         |       |     4 ||     4
Dodge: Dodged            |    79 |    33 ||   112
       Rpst.: Long sword |    18 |    15 ||    33

Table legend: (Time is in decaauts)
 A = Elapsed time spent in this place.
 B = Non-inter-level travel time spent in this place.
 C = Inter-level travel time spent in this place.
 D = Time resting spent in this place.
 E = Time spent auto-exploring this place.
 F = Levels seen in this place.
 G = Mean time per level.
                   A        B        C        D        E       F      G
               +--------+--------+--------+--------+--------+-----+--------+
         Total |   3098 |   3032 |     66 |    269 |   2281 |   3 | 1032.7 |
       Dungeon |   3098 |   3032 |     66 |    269 |   2281 |   3 | 1032.7 |
               +--------+--------+--------+--------+--------+-----+--------+

Top non-repeatable levels by time:
     D:1: 1555 daAuts
     D:2: 936 daAuts
     D:3: 606 daAuts
